 Dungeon Crawl Stone Soup version 0.21-a0-417-g0adc95b (webtiles) character file.

70 Snakeypoo the Sneak (level 4, -1/23 HPs)
             Began as a Spriggan Assassin on Nov 3, 2017.
             Slain by a worm (4 damage)
             ... on level 2 of the Dungeon.
             The game lasted 00:10:32 (1625 turns).

Snakeypoo the Sneak (Spriggan Assassin)             Turns: 1625, Time: 00:10:32

Health: -1/23      AC:  3    Str:  7    XL:     4   Next: 4%
Magic:  5/5        EV: 18    Int: 12    God:
Gold:   42         SH:  0    Dex: 18    Spells: 3/3 levels left

rFire    . . .     SeeInvis +   a - +2 dagger
rCold    . . .     Gourm    .   (shield restricted)
rNeg     . . .     Faith    .   c - +0 robe
rPois    .         Spirit   .   (helmet restricted)
rElec    .         Reflect  .   d - +0 cloak
rCorr    .         Harm     .   (gloves unavailable)
MR       .....                  (boots unavailable)
Stlth    ++++......             (no amulet)
HPRegen  0.07/turn              (no ring)
MPRegen  0.09/turn              (no ring)

@: very quick
A: unfitting armour, see invisible, herbivore 3, speed 3, slow metabolism 2
a: no special abilities


You were on level 2 of the Dungeon.
You were not hungry.

You visited 1 branch of the dungeon, and saw 3 of its levels.

You collected 42 gold pieces.

Inventory:

Hand Weapons
 a - a +2 dagger (weapon)
 b - a +0 blowgun
Missiles
 e - 13 poisoned needles
 f - 2 curare-tipped needles
Armour
 c - a +0 robe (worn)
 d - a +0 cloak (worn)
Jewellery
 j - an uncursed ring of resist corrosion {unknown}
 n - an uncursed ring of see invisible {unknown}
Scrolls
 k - a scroll of fear {unknown}
 m - a scroll of enchant weapon {unknown}
 o - 2 scrolls of amnesia {unknown}
 p - a scroll of remove curse {unknown}
Potions
 h - a potion of flight {unknown}
 i - a potion of might {unknown}
 l - a potion of curing {unknown}
 q - a potion of heal wounds {unknown}
Comestibles
 g - a bread ration


   Skills:
 + Level 2.3 Fighting
 + Level 2.8 Short Blades
 - Level 2.0 Throwing
 + Level 3.0 Dodging
 + Level 6.6 Stealth


You had 3 spell levels left.
You didn't know any spells.

Dungeon Overview and Level Annotations

Branches:
Dungeon (3/15)

Altars:


Innate Abilities, Weirdness & Mutations

You are very small and have problems with some larger weapons.
You are too small for most types of armour.
You have supernaturally acute eyesight. (SInv)
You are a herbivore.
You cover ground extremely quickly.
You need consume almost no food.


Message History

You hit the worm but do no damage.
The worm is lightly wounded.
You barely miss the worm.
The worm is lightly wounded.
The worm misses you.
You hit the worm but do no damage.
The worm is lightly wounded.
You hit the worm.
The worm is lightly wounded.
The worm bites you!
* * * LOW HITPOINT WARNING * * *
You hit the worm but do no damage.
The worm is lightly wounded.
The worm completely misses you.
You barely miss the worm.
The worm is lightly wounded.
You hit the worm.
The worm is lightly wounded.
The worm bites you.
You die...

#.# #.# #..
#=# #.##b#
#..#.# ##.#.#
#...# ##..#
####.>########
#.....@......#
#......w..)..#
#............#
#............#
#............#
#.............
#............#
#.............


You could see a worm and a bat (sleeping).

Vanquished Creatures
  2 adders
  An ooze (D:3)
  2 dart slugs
  5 leopard geckos
  4 bats (D:1)
  3 giant cockroaches (D:1)
  4 goblins
  3 hobgoblins
  4 jackals (D:1)
  2 ball pythons (D:3)
  A frilled lizard (D:1)
  3 kobolds
  4 rats
38 creatures vanquished.

Notes
Turn   | Place    | Note
-------+----------+-------------------------------------------
     0 | D:1      | Snakeypoo the Spriggan Assassin began the quest for the Orb.
     0 | D:1      | Reached XP level 1. HP: 10/10 MP: 2/2
    28 | D:1      | Reached skill level 6 in Stealth
    61 | D:1      | Reached XP level 2. HP: 14/15 MP: 3/3
   329 | D:1      | Reached XP level 3. HP: 16/18 MP: 4/4
   717 | D:2      | You fall through a shaft!
  1615 | D:2      | Reached XP level 4. HP: 11/23 MP: 5/5
  1625 | D:2      | Slain by a worm

Vault maps used:
D:1:      dpeg_arrival_leaves_temple_mockup, hangedman_feature_mirror
D:3:      uniq_crazy_yiuf_cottage

Skill      XL: |  1  2  3 |
---------------+----------+-----
Stealth        | 6 |  6.6
Dodging        | 2 3 |  3.0
Fighting       | 2 |  2.3
Short Blades   | |  2.8
Throwing       | |  2.0

Action                   |  1- 3 |  4- 6 || total
-------------------------+-------+-------++-------
Melee: Dagger            |   133 |     9 ||   142
 Stab: Sleeping          |    16 |       ||    16
       Distracted        |     1 |       ||     1
Armor: Robe              |    12 |       ||    12
Dodge: Dodged            |    93 |     3 ||    96

Table legend:
 A = Spawn XP
 B = Non-spawn XP
 C = Spawn XP percentage of total XP
 D = Spawn monster count
 E = Non-spawn monster count
 F = Spawn count percentage of total count
 G = Total turns spent on level
                    A         B        C        D         E        F      G
               +---------+---------+-------+---------+---------+-------+---------
         Total |       0 |     101 |   0.0 |       0 |      38 |   0.0 |  1625
               +---------+---------+-------+---------+---------+-------+---------
           D:1 |       0 |      48 |   0.0 |       0 |      24 |   0.0 |   706
           D:2 |       0 |      14 |   0.0 |       0 |       2 |   0.0 |    26
           D:3 |       0 |      39 |   0.0 |       0 |      12 |   0.0 |   893
               +---------+---------+-------+---------+---------+-------+---------
